 Dungeon Crawl Stone Soup version 0.30.1-11-g7821555f0a (webtiles) character file.

Game seed: 2682087027794608450

42 Zeor the Magician (level 3, -5/28 HPs)
             Began as a Djinni Warper on Dec 27, 2023.
             Killed by nerve-wracking pain
             ... invoked by Jessica
              (14 damage)
             ... on level 2 of the Dungeon.
             The game lasted 00:03:10 (892 turns).

Zeor the Magician (Djinni Warper)                    Turns: 892, Time: 00:03:11

Health: -5/28      AC:  5    Str: 10    XL:     3   Next: 80%
Gold:   87         EV: 11    Int: 16    God:
                   SH:  0    Dex: 12

rFire   + + .        a - +0 falchion
rCold   x . .        (no shield)
rNeg    . . .        b - +1 leather armour
rPois   ∞            g - +1 hat
rElec   .            (no cloak)
rCorr   .            (no gloves)
SInv    .            (boots unavailable)
Will    .....        (no amulet)
Stlth   +            (no ring)
HPRegen 0.24/turn    (no ring)
MPRegen 0.00/turn

%: infuse magic (-6 HP)
@: flying
A: sickness immunity, fire resistance 2, cold vulnerability 1, float, innate
caster, HP casting, extra vitality 1
a: no special abilities


You were on level 2 of the Dungeon.
You visited 1 branch of the dungeon, and saw 2 of its levels.

You collected 87 gold pieces.

Inventory:

Hand Weapons
 a - a +0 falchion (weapon)
Missiles
 d - 2 boomerangs of dispersal (quivered)
Armour
 b - a +1 leather armour (worn)
 g - a +1 hat (worn)
Jewellery
 h - a ring of fire
Scrolls
 c - a scroll of blinking


   Skills:
 + Level 2.1 Fighting
 * Level 2.3 Long Blades
 + Level 0.7 Throwing
 + Level 1.2 Armour
 + Level 2.3 Dodging
 * Level 3.0 Spellcasting


You knew the following spells:

 Your Spells              Type           Power      Damage    Failure   Level
b - Blink                 Tloc           24%        N/A       11%         2
c - Vhi's Electric Charg  Tloc/Air       24%        N/A       22%         3
l - Lesser Beckoning      Tloc           24%        N/A       11%         2
m - Manifold Assault      Tloc           12%        N/A       56%         4
o - Teleport Other        Tloc           12%        N/A       22%         3
s - Slow                  Hex            48%        N/A       7%          1
Your spell library was empty.

Dungeon Overview and Level Annotations

Branches:
Dungeon (2/15)

Altars:

Annotations:
D:2 Jessica


Innate Abilities, Weirdness & Mutations

You are immune to sickness and miasma.
You are immune to poison.
Your flesh is very heat resistant. (rF++)
You are vulnerable to cold. (rC-)
You float through the air rather than walking.
You learn spells naturally, not from books.
Your magical power is your life essence.
You have superior vitality. (+4 MHP)


Message History

You throw a boomerang of dispersal.
The boomerang of dispersal hits Terence and shatters, but does no damage.
Terence is almost dead.
Jessica is no longer moving quickly.
Throw: 3 boomerangs (disperse)
Press: ? - help, Q - select action, (/) - cycle Shift-Dir - straight line, f/p - Jessica
Aim: Jessica, wielding a +5 dagger of venom and wearing a +0 robe (57% to hit)
You throw a boomerang of dispersal.
The boomerang of dispersal hits Terence and shatters for extra damage.
Terence blinks!
Terence is almost dead.
You hit Terence.
You kill Terence!
Your Long Blades skill increases to level 2!
Your Spellcasting skill increases to level 3!
You have reached level 3!
Your experience leads to an increase in your attributes!
Increase (S)trength, (I)ntelligence, or (D)exterity?
You feel clever. x2
The power to cast Slow wells up from within.
Spell assigned to 'a'.
Adjust (i)tems, (s)pells, or (a)bilities?
Adjust which spell? a - Slow Adjust to which letter? s - Slow
Casting: Blink (safe; 11% risk of failure)
Confirm with . or Enter, or press ? or * to list all spells.
Aiming: Slow (safe; 7% risk of failure)
Press: ? - help, Shift-Dir - straight line, f/p - Jessica
Aim: Jessica, wielding a +5 dagger of venom and wearing a +0 robe (chance to affect: 54%) Jessica resists with significant effort.
* * * LOW HITPOINT WARNING * * *
You barely miss Jessica. Jessica barely misses you.
You aren't carrying any potions.
You hit Jessica but do no damage.
Jessica points at you and mumbles some strange words.
Pain shoots through your body!
Ouch! That really hurt!
You die... ▒▒▒▒∙∙▒▒▒▒▒▒▒ ∙∙∙∙∙∙∙∙∙∙∙∙∙

▒▒▒▒∙∙▒▒▒▒▒▒ ▒ ▒∙∙∙▒ ▒
▒∙∙∙▒▒▒▒▒ ▒
▒∙∙∙∙∙∙∙▒▒▒▒▒▒ ▒
▒∙▒▒∙∙▒∙∙∙∙∙∙∙ ▒
▒∙▒▒▒∙∙▒▒▒▒▒▒▒▒▒▒▒▒▒▒ ▒
▒∙∙∙∙∙∙∙∙∙∙∙@R)∙∙∙∙∙∙
▒▒▒▒▒▒▒▒▒∙▒▒▒▒▒▒▒▒▒▒▒▒▒▒
∙∙∙∙∙∙∙∙)∙∙∙∙∙▒
▒▒▒▒▒▒▒▒▒▒▒K▒∙▒
∙∙∙∙∙∙∙∙∙@∙▒ ∙▒
∙▒▒▒▒▒▒▒∙∙∙▒▒▒▒ ▒∙▒
▒@▒∙∙∙∙▒▒▒▒ ▒∙▒
▒)▒∙▒▒∙∙∙∙▒▒▒▒ ▒∙▒
▒∙▒†∙▒▒▒▒∙∙∙∙▒ ▒∙▒


You could see Jessica.

Vanquished Creatures
  Terence (D:2)
  A dart slug (D:1)
  2 endoplasms (D:1)
  2 giant cockroaches (D:2)
  3 goblins (D:2)
  A hobgoblin (D:1)
  A quokka (D:1)
  A bat (D:1)
  A kobold (D:2)
  A rat (D:2)
14 creatures vanquished.

Notes
Turn   | Place    | Note
-------+----------+-------------------------------------------
     0 | D:1      | Zeor the Djinni Warper began the quest for the Orb.
     0 | D:1      | Zeor set off with the following spells memorised: Blink,
                  | Lesser Beckoning, Vhi's Electric Charge, Teleport Other,
                  | Manifold Assault.
     0 | D:1      | Reached XP level 1. HP: 18/18 MP: 0/0
   276 | D:1      | Reached XP level 2. HP: 21/23 MP: 0/0
   734 | D:2      | Noticed Jessica
   840 | D:2      | Noticed Terence
   889 | D:2      | Killed Terence
   890 | D:2      | Reached skill level 3 in Spellcasting
   890 | D:2      | Reached XP level 3. HP: 9/28 MP: 0/0
   890 | D:2      | Learned a level 1 spell: Slow
   892 | D:2      | Killed from afar by Jessica

Illustrated notes

Levels and vault maps discovered:
D:1:      mrwooster_arrival_statue, layout_loops_ring
D:2:      layout_basic, st_stairs_9, uniq_jessica, uniq_robin, uniq_terence

Skill      XL: |  1  2 |
---------------+-------+-----
Long Blades    | 2 |  2.3
Spellcasting   | 3 |  3.0
Fighting       | |  2.1
Throwing       | |  0.7
Armour         | |  1.2
Dodging        | |  2.3

Action                     || total
---------------------------++-------
  Melee: Falchion          ||    59
         Punch             ||     1
  Throw: Boomerang         ||     5
   Cast: Blink             ||     1
         Slow              ||     1
    Use: Scroll            ||     1
         Potion            ||     1
 Armour: Leather armour    ||    19
  Dodge: Dodged            ||    27
